 Dungeon Crawl Stone Soup version 0.24.0-2-g5b39cebb1c (webtiles) character file.

Game seed: 17496629392212352055, levelgen mode: deterministic

63 inmateoo the Firebug (level 3, -1/29 HPs)
             Began as a Draconian Fire Elementalist on Oct 31, 2019.
             Slain by a quasit (2 damage)
             ... on level 2 of the Dungeon.
             The game lasted 00:02:28 (1148 turns).

inmateoo the Firebug (Draconian Fire Elementalist)  Turns: 1148, Time: 00:02:28

Health: -1/29      AC:  5    Str: 10      XL:     3   Next: 87%
Magic:  1/6        EV: 16    Int: 16      God:
Gold:   116        SH:  0    Dex:  3 (16) Spells: 3/6 levels left

rFire    . . .     SeeInvis .   e - +0 dagger
rCold    . . .     Gourm    .   (no shield)
rNeg     . . .     Faith    .   (armour unavailable)
rPois    .         Spirit   .   (helmet restricted)
rElec    .         Reflect  .   (no cloak)
rCorr    .         Harm     .   (no gloves)
MR       .....                  (no boots)
Stlth    ++........             (no amulet)
HPRegen  0.09/turn              (no ring)
MPRegen  0.10/turn              (no ring)

@: agile
A: unfitting armour, cold-blooded, AC +5
a: no special abilities


You were on level 2 of the Dungeon.
You were hungry.

You visited 1 branch of the dungeon, and saw 2 of its levels.

You collected 116 gold pieces.

Inventory:

Hand Weapons
 e - a +0 dagger (weapon)
Scrolls
 g - 2 scrolls of amnesia
Potions
 c - 2 potions of cancellation
 d - a potion of brilliance
Comestibles
 b - 9 rations
 f - 2 chunks of flesh


   Skills:
 * Level 2.1 Fighting
 + Level 2.2 Dodging
 - Level 2.0 Stealth
 + Level 2.3 Spellcasting
 + Level 1.6 Conjurations
 + Level 3.2 Fire Magic


You had 3 spell levels left.
You knew the following spells:

 Your Spells              Type           Power        Failure   Level  Hunger
a - Flame Tongue          Conj/Fire      #....        8%          1    #......
b - Throw Flame           Conj/Fire      #.....       11%         2    ###....

Your spell library contained the following spells:

 Spells                   Type           Power        Failure   Level  Hunger
 Conjure Flame            Conj/Fire      #.......     22%         3    ###....
 Inner Flame              Hex/Fire       #.......     30%         3    ###....
 Sticky Flame             Conj/Fire      #.......     58%         4    #####..
 Fireball                 Conj/Fire      #.........   90%         5    ######.


Dungeon Overview and Level Annotations

Branches:
Dungeon (2/15)

Altars:


Innate Abilities, Weirdness & Mutations

Your plain brown scales are hard. (AC +5)
You cannot fit into any form of body armour.
You are cold-blooded and may be slowed by cold attacks.


Message History

Unknown command.
You miss the quasit.
The quasit is almost dead.
The quasit closely misses you. The quasit misses you.
The quasit closely misses you.
Unknown command.
You hit the quasit but do no damage.
The quasit is almost dead.
The quasit completely misses you.
The quasit claws you but does no damage.
The quasit closely misses you. The quasit bites you.
* * * LOW HITPOINT WARNING * * *
You feel clumsy. The quasit misses you. The quasit claws you.
* * * LOW HITPOINT WARNING * * *
You closely miss the quasit.
The quasit is almost dead.
The quasit closely misses you. The quasit barely misses you.
The quasit claws you.
You die...

#.# #.# #.# #.#
#.# #.# #5# #@#
#.#######
##.......#
#########...####.#
#.........#.# #.#
#.........#รท# #.#
#####...).....#.#
#.#
#.............#.#
#.#
#.............#.#
#.#


You could see a quasit.

Vanquished Creatures
  3 adders (D:2)
  A dart slug (D:1)
  A leopard gecko (D:2)
  3 bats (D:1)
  A giant cockroach (D:2)
  5 goblins
  7 hobgoblins
  2 frilled lizards
  4 kobolds (D:2)
  5 rats
32 creatures vanquished.

Notes
Turn   | Place    | Note
-------+----------+-------------------------------------------
     0 | D:1      | inmateoo the Draconian Fire Elementalist began the quest
                  | for the Orb.
     0 | D:1      | Reached XP level 1. HP: 14/14 MP: 3/3
   263 | D:1      | Reached XP level 2. HP: 22/22 MP: 0/5
   286 | D:1      | Reached skill level 1 in Fighting
   549 | D:1      | Learned a level 2 spell: Throw Flame
   654 | D:2      | Reached XP level 3. HP: 24/29 MP: 1/6
  1147 | D:2      | HP: 1/29 [quasit (1)]
  1148 | D:2      | Slain by a quasit

Levels and vault maps discovered:
D:1:      dpeg_arrival_simpleton_c, layout_rooms
D:2:      layout_basic

Skill      XL: |  1  2  3 |
---------------+----------+-----
Dodging        | 2 |  2.2
Fighting       | 1 2 |  2.1
Stealth        | 2 |  2.0
Spellcasting   | |  2.3
Conjurations   | |  1.6
Fire Magic     | |  3.2

Action                   || total
-------------------------++-------
Melee: Unarmed           ||    31
       Tailslap          ||     1
       Dagger            ||    69
 Cast: Flame Tongue      ||    53
       Throw Flame       ||     1
  Use: Scroll            ||     6
       Potion            ||     2
 Stab: Sleeping          ||     2
  Eat: Chunk             ||     1
Armor: Skin              ||    62
Dodge: Dodged            ||   152
